 Dungeon Crawl Stone Soup version 0.27.0-1-g7a089689b8 (webtiles) character file.

Game seed: 4182814757664690989

121302 Drazool the Grappler (level 16, -1/112 (150) HPs)
             Began as a Troll Ice Elementalist on Aug 3, 2021.
             Was the Champion of Ru.
             Slain by a redback (12 damage)
             ... on level 2 of the Spider Nest.
             The game lasted 01:23:04 (26132 turns).

Drazool the Grappler (Troll Ice Elementalist)      Turns: 26132, Time: 01:23:05

HP:   -1/112 (150)  AC:  9    Str: 24    XL:     16   Next: 32%
MP:   14/19         EV:  9    Int: 12    God:    Ru [******]
Gold: 2988          SH: 16    Dex: 10    Spells: 20/21 levels left

rFire    x . .     SeeInvis .     - Unarmed
rCold    x . .     Faith    .   R - +0 kite shield
rNeg     . . .     Spirit   .   P - +0 troll leather armour
rPois    +         Reflect  +   U - +0 hat
rElec    .         Harm     .   g - +2 cloak
rCorr    .         Rampage  .   (gloves unavailable)
Will     ++...                  (boots unavailable)
Stlth    ..........             J - amulet of reflection
HPRegen  2.28/turn              W - ring of willpower
MPRegen  0.16/turn              k - ring "Atwul" {rPois Slay+2}

@: mighty, lethally poisoned (-1 -> -1), exhausted, unable to drink, very
heavily drained
A: no potions, large, unfitting armour, claws 3, frail 1, regeneration 1, shaggy
fur 1, tough skin 1, inability to drink while threatened, no stealth, unskilled
1, temperature sensitive
a: Renounce Religion, Draw Out Power, Power Leap, Apocalypse


You were on level 2 of the Spider Nest.
You worshipped Ru.
Ru was exalted by your worship.
You visited 4 branches of the dungeon, and saw 26 of its levels.

You collected 3718 gold pieces.
You spent 730 gold pieces at shops.


Innate Abilities, Weirdness & Mutations

You cannot drink.
You are too large for most types of armour.
You have claws for hands.
You are frail. (-10% HP)
Your natural rate of healing is unusually fast.
You are covered in fur. (AC +1)
You have tough skin. (AC +1)
You sometimes lose the ability to drink potions when taking damage.
You cannot be stealthy.
You are somewhat unskilled. (-1 Apt)
You are sensitive to extremes of temperature. (rF-, rC-)


   Skills:
 + Level 12.5 Fighting
 + Level 12.4 Throwing
 - Level 1.3 Dodging
 - Level 9.0 Shields
 + Level 14.5 Unarmed Combat
 - Level 3.0 Spellcasting
 - Level 2.6 Ice Magic


You had 20 spell levels left.
You knew the following spells:

 Your Spells              Type           Power      Damage    Failure   Level
f - Freeze                Ice            32%        1d5       10%         1

Your spell library contained the following spells:

 Spells                   Type           Power      Damage    Failure   Level
 Animate Skeleton         Necr           2%         N/A       28%         1
 Apportation              Tloc           2%         N/A       28%         1
 Corona                   Hex            1%         N/A       28%         1
 Summon Small Mammal      Summ           4%         N/A       28%         1
 Frozen Ramparts          Ice            16%        1d3       28%         3
 Ozocubu's Armour         Ice            8%         N/A       28%         3
 Static Discharge         Conj/Air       1%         N/A       38%         2
 Call Canine Familiar     Summ           1%         N/A       63%         3
 Dazzling Flash           Conj/Hex       2%         N/A       63%         3
 Summon Guardian Golem    Hex/Summ       1%         N/A       63%         3
 Hailstorm                Conj/Ice       5%         3d4       85%         4
 Iskenderun's Mystic Bla  Conj/Tloc      1%         2d3       95%         4
 Passage of Golubria      Tloc           N/A        N/A       95%         4
 Lightning Bolt           Conj/Air       0%         1d11      100%        5
 Silence                  Hex/Air        0%         N/A       100%        5
 Starburst                Conj/Fire      0%         8x6d3     100%        6
 Lehudib's Crystal Spear  Conj/Erth      0%         10d2      100%        8
 Maxwell's Capacitive Co  Air            0%         ∞         100%        8

Inventory:

Hand Weapons
 O - a +3 scimitar of flaming
Missiles
 N - 5 curare-tipped darts {=f}
 T - 11 large rocks (quivered) {=f}
Armour
 a - a +0 tower shield
 g - a +2 cloak (worn)
 P - a +0 troll leather armour (worn)
 R - a +0 kite shield (worn)
 U - a +0 hat (worn)
Jewellery
 k - the ring "Atwul" (right claw) {rPois Slay+2}
   (You acquired it on level 8 of the Dungeon)

   [ring of poison resistance]

   Slay:      It affects your accuracy & damage with ranged weapons and melee
   (+2).
   rPois:     It protects you from poison.
 s - the necklace of Bloodlust {*Rage +Rage Will++ Int-3 Slay+6}
   (You bought it in a shop on level 2 of the Orcish Mines)

   [amulet of nothing]

   It extends the wearer's berserk rage when killing foes.
   Int:       It affects your intelligence (-3).
   Slay:      It affects your accuracy & damage with ranged weapons and melee
   (+6).
   +Rage:     It lets you go berserk.
   *Rage:     It may make you go berserk in combat.
   Will:      It greatly increases your willpower.
 D - a +6 ring of dexterity
 E - a +4 ring of evasion
 J - an amulet of reflection (around neck)
 L - a ring of flight
 Q - an amulet of magic regeneration
 W - a ring of willpower (left claw)
Wands
 d - a wand of paralysis (28)
 f - a wand of iceblast (27)
 l - a wand of flame (39)
 w - a wand of charming (9)
 C - a wand of digging (5)
 F - a wand of mindburst (33)
Scrolls
 b - 18 scrolls of teleportation {@r2}
 e - 7 scrolls of blinking
 j - 2 scrolls of silence {!r}
 o - 2 scrolls of immolation
 p - 6 scrolls of magic mapping
 t - 4 scrolls of fear
 u - 3 scrolls of enchant armour
 x - 4 scrolls of summoning
 y - 7 scrolls of enchant weapon
 G - 3 scrolls of amnesia
 I - 2 scrolls of fog
 Y - a scroll of vulnerability
Potions
 c - 4 potions of attraction
 h - 2 potions of flight {unknown}
 i - a potion of magic {unknown}
 m - 4 potions of haste {@q3}
 n - 3 potions of degeneration {unknown}
 q - 6 potions of might
 r - 5 potions of curing {@q1}
 z - 6 potions of heal wounds {unknown}
 A - 5 potions of lignification {unknown}
 B - 2 potions of cancellation {unknown}
 K - 2 potions of berserk rage {unknown}
 M - a potion of resistance {unknown}
 S - 3 potions of mutation {unknown}
 V - a potion of ambrosia {unknown}
 X - 2 potions of invisibility {unknown}
 Z - 2 potions of brilliance {unknown}
Miscellaneous
 v - a phantom mirror
 H - a box of beasts

Dungeon Overview and Level Annotations

Branches:
Dungeon (15/15)            Temple (0/1) D:4            Lair (6/6) D:9
  Swamp (0/4) Lair:2       Spider (3/4) Lair:3        Slime (0/5) Lair:5
    Orc (2/2) D:10            Elf (0/3) Orc:2        Vaults (0/5) D:14
 Depths (0/5) D:15

Altars:
Ashenzari
Ru
Beogh
Jiyva

Shops:
D:1 (   D:11 (   D:12 [   Orc:2 *[=(

Annotations:
D:3 1 transporter, Rallik's ghost, amateur GnWn

#....#.#..##†(?######.≈
#######..###.###≈≈###.#
#.#.####≈^≈.##^≈. #...#
#≈≈≈##≈###≈
##.^###..###≈≈###
#..##≈### #.≈.#. ####
##.##.#######≈≈≈
##..######≈#≈#.#.# ##≈≈
#...##@###.≈≈#...######
#....ss##..≈≈.#.#...###
#...#°.................
#.#...#.....#...#..#.#.
#.......##^#.....#....#
#.#...##.#.#...#...#...
#.#.......(..##.##.....
#.....#..#.##.....##...
#..#...#..)......#..#.#


You could see 2 redbacks.


Message History

The redback is no longer moving slowly.
The jumping spider leaps!
There is a web here.
Unknown command.
You miss the redback.
You feel very sick.
The redback is no longer moving slowly.
The redback barely misses you.
You bump into the rock wall.
You feel very sick. The redback bites you!
You feel threatened and lose the ability to drink potions!
* * * LOW HITPOINT WARNING * * *
The redback closely misses you.
The jumping spider begins to attack, but is stunned by your conviction!
The redback barely misses you.
The redback is stunned by your conviction and fails to attack.
You bump into the rock wall.
You feel very sick. The redback bites you!
* * * LOW HITPOINT WARNING * * *
The redback bites you!
* * * LOW HITPOINT WARNING * * *
The jumping spider leaps!
You bump into the rock wall.
You feel less confused.
You feel very sick. You block the redback's attack. The redback bites you.
* * * LOW HITPOINT WARNING * * *
You focus your inner power and slow the redback in retribution!
The redback bites you!
You die...

Skill      XL: |  1  2  3  4  5  6  7  8  9 10 11 12 13 14 15 |
---------------+----------------------------------------------+-----
Unarmed Combat | 1 2 3 4 6 7 9 10 11 12 14 13 14 | 14.5
Fighting       | 1 2 3 4 5 6 7 8 9 11 12 11 12 | 12.5
Throwing       | 3 5 6 8 10 11 10 12 | 12.4
Stealth        | 0 |  0.0
Spellcasting   | 3 |  3.0
Shields        | 1 9 |  9.0
Dodging        | |  1.3
Ice Magic      | |  2.6

Action                   |  1- 3 |  4- 6 |  7- 9 | 10-12 | 13-15 | 16-18 || total
-------------------------+-------+-------+-------+-------+-------+-------++-------
Melee: Unarmed           |   124 |   157 |   266 |   377 |   893 |   105 ||  1922
       Punch             |     1 |     2 |     9 |    19 |    14 |       ||    45
Throw: Large rock        |       |       |       |       |    46 |       ||    46
 Cast: Freeze            |     4 |       |       |       |       |       ||     4
Invok: Sacrifice Resista |     1 |       |       |       |       |       ||     1
       Draw Out Power    |       |     1 |       |       |     2 |       ||     3
       Sacrifice Drink   |       |     1 |       |       |       |       ||     1
       Sacrifice Stealth |       |       |     1 |       |       |       ||     1
       Power Leap        |       |       |     3 |       |     4 |     5 ||    12
       Apocalypse        |       |       |     2 |    10 |    23 |     4 ||    39
       Sacrifice Health  |       |       |     1 |       |       |       ||     1
       Reject Sacrifices |       |       |       |       |     1 |       ||     1
       Sacrifice Skill   |       |       |       |       |     1 |       ||     1
Evoke: Wand              |       |       |       |       |     1 |       ||     1
       Box of beasts     |       |       |       |       |     1 |       ||     1
  Use: Scroll            |       |     3 |     5 |     7 |     8 |     1 ||    24
       Potion            |       |       |       |       |     1 |     1 ||     2
 Stab: Sleeping          |     3 |     6 |     1 |       |       |       ||    10
       Invisible         |       |     3 |     3 |     3 |    17 |     1 ||    27
       Paralysed         |       |       |     2 |    10 |    37 |     3 ||    52
       Distracted        |       |       |     1 |     5 |     7 |     1 ||    14
Armor: Robe              |    49 |    42 |    32 |       |       |       ||   123
       Steam dragon scal |       |       |    22 |   117 |    54 |       ||   193
       Troll leather arm |       |       |       |       |   169 |    36 ||   205
Dodge: Dodged            |    56 |    78 |   148 |   243 |   330 |    34 ||   889
Block: Kite shield       |       |       |       |       |   403 |    77 ||   480
       Reflection        |       |       |       |       |    11 |       ||    11

Levels and vault maps discovered:
D:1:      dpeg_arrival_simpleton_a, layout_basic,
          hellmonk_ecumenical_altar_slurped_away, serial_shops, shop_statue
D:2:      layout_basic
D:3:      layout_basic, gammafunk_ghost_smash, grunt_ministairs_13,
          kennysheep_another_room
D:4:      layout_basic, temple_fountains
D:5:      layout_loops_cross, serial_bayou_pond_e, kennysheep_generic_room_4,
          uniq_ijyb, uniq_pikel
D:6:      layout_layer_cave
D:7:      layout_gridville, hellmonk_ghost_happy_afterlife
D:8:      layout_loops_ring, nzn_ghost_randoct
D:9:      layout_roguey, minmay_lair_entry_grove, st_stairs_11
D:10:     layout_basic, kennysheep_mini, orc_0_dummy, serial_bayou,
          serial_bayou_lagoon_a, serial_bayou_pond_d, serial_bayou_crossing,
          serial_bayou_ford_a
D:11:     layout_small_grid, serial_shops, nicolae_stop_n_shop_1, serial_undead,
          serial_undead_f, serial_undead_a, serial_undead_e, serial_undead_d
D:12:     layout_long_grid, serial_shops, nicolae_shop_trees, uniq_urug,
          uniq_erolcha, uniq_psyche
D:13:     layout_basic
D:14:     layout_grid_maze, grunt_vaults_entry_tiered, drop_trap, minivault_11,
          uniq_azrael
D:15:     hangedman_depths_entry_try_elsewhere_first, layout_basic,
          amcnicky_mini_pool_small, uniq_jorgrun
Lair:1:   layout_cave_pods, serial_bayou_shore_a, minmay_lair_oklob_chamber,
          lemuel_fruit_fields
Lair:2:   layout_layer_cave, swamp_mist_pool, patterned_corridor,
          lemuel_fruit_tree, grunt_megastairs_5
Lair:3:   layout_big_grid, spider_nest_entry_funnel_web
Lair:4:   layout_hall_layers
Lair:5:   layout_cave_pods, slime_altar_1
Lair:6:   hangedman_lair_in_review, layout_small_grid, hibernation_bobbens
Spider:1: layout_spider_delve, uniq_agnes
Spider:2: layout_spider_delve, spiders_nest_spider_trap
Spider:3: layout_spider_delve
Orc:1:    layout_diamond_mine, nicolae_orc_stony_grotto,
          nicolae_orc_crystal_geode
Orc:2:    grunt_orc_cross, layout_diamond_mine, mines1_david

Notes
Turn   | Place    | Note
-------+----------+-------------------------------------------
     0 | D:1      | Drazool the Troll Ice Elementalist began the quest for the
                  | Orb.
     0 | D:1      | Reached XP level 1. HP: 16/16 MP: 1/1
    72 | D:1      | Reached skill level 1 in Unarmed Combat
    83 | D:1      | Reached XP level 2. HP: 26/26 MP: 2/2
   123 | D:1      | Reached skill level 1 in Fighting
   246 | D:1      | Found Sumaeg's Weapon Emporium.
   461 | D:1      | Reached skill level 2 in Unarmed Combat
   461 | D:1      | Reached XP level 3. HP: 18/33 MP: 3/3
   800 | D:1      | Found a faded altar of an unknown god.
   807 | D:1      | Became a worshipper of Ru the Awakened
   818 | D:1      | Gained mutation: You are sensitive to extremes of
                  | temperature. (rF-, rC-) [Ru sacrifice]
   818 | D:1      | Reached * piety under Ru
   818 | D:1      | Reached ** piety under Ru
  1089 | D:2      | Reached skill level 2 in Fighting
  1140 | D:2      | Reached XP level 4. HP: 42/42 MP: 4/4
  1971 | D:3      | Reached skill level 3 in Unarmed Combat
  1976 | D:3      | Found a transporter.
  2742 | D:3      | Noticed Rallik's ghost (amateur GnWn)
  2743 | D:3      | Noticed an ogre
  2745 | D:3      | Noticed an ogre
  2874 | D:4      | Gained mutation: You sometimes lose the ability to drink
                  | potions when taking damage. [Ru sacrifice]
  2874 | D:4      | Reached *** piety under Ru
  2910 | D:4      | Reached XP level 5. HP: 28/48 MP: 5/5
  2934 | D:4      | Found a staircase to the Ecumenical Temple.
  3035 | D:4      | Reached skill level 3 in Fighting
  3210 | D:4      | Noticed an ogre
  3219 | D:4      | Killed an ogre
  3220 | D:4      | Reached skill level 4 in Unarmed Combat
  3220 | D:4      | Reached XP level 6. HP: 50/61 MP: 6/6
  3369 | D:5      | Entered Level 5 of the Dungeon
  3370 | D:5      | Noticed Pikel
  3429 | D:4      | Killed Pikel
  3430 | D:4      | Reached skill level 4 in Fighting
  3430 | D:4      | Reached skill level 6 in Unarmed Combat
  3430 | D:4      | Reached XP level 7. HP: 37/71 MP: 7/7
  3501 | D:5      | Reached skill level 5 in Fighting
  3661 | D:5      | Reached XP level 8. HP: 76/80 MP: 8/8
  3956 | D:5      | Noticed Ijyb
  3965 | D:5      | Killed Ijyb
  4143 | D:6      | Reached skill level 1 in Throwing
  4143 | D:6      | Reached skill level 7 in Unarmed Combat
  4216 | D:6      | Reached skill level 6 in Fighting
  4227 | D:6      | Reached skill level 2 in Throwing
  4260 | D:6      | Gained mutation: You cannot be stealthy. [Ru sacrifice]
  4260 | D:6      | Reduced skill Stealth to level 0
  4260 | D:6      | Reached **** piety under Ru
  4751 | D:6      | Reached skill level 3 in Throwing
  4809 | D:6      | Reached XP level 9. HP: 69/92 MP: 9/9
  5472 | D:7      | Noticed jimbutter's ghost (novice MiFi)
  5476 | D:7      | Found a runed translucent door.
  5592 | D:7      | Reached skill level 8 in Unarmed Combat
  5602 | D:7      | Gained mutation: You are frail. (-10% HP) [Ru sacrifice]
  5602 | D:7      | Reached ***** piety under Ru
  5735 | D:7      | Reached skill level 4 in Throwing
  5912 | D:7      | Reached skill level 7 in Fighting
  6602 | D:8      | Identified a scroll of acquirement
  6602 | D:8      | Acquired the ring "Atwul" {rPois Slay+2}
  6608 | D:8      | Noticed an efreet
  6811 | D:8      | Reached skill level 5 in Throwing
  6832 | D:8      | Reached skill level 9 in Unarmed Combat
  7053 | D:8      | Noticed ColdPorridge's ghost (novice NaWn)
  7069 | D:8      | Found a transporter.
  7071 | D:8      | Found a transporter.
  7468 | D:9      | Reached XP level 10. HP: 78/86 MP: 1/10
  7606 | D:9      | Found a staircase to the Lair.
  7608 | D:9      | Reached skill level 8 in Fighting
  7608 | D:9      | Reached skill level 6 in Throwing
  7815 | D:9      | Reached skill level 2 in Spellcasting
  8450 | D:10     | Entered Level 10 of the Dungeon
  8466 | D:10     | Reached skill level 3 in Spellcasting
  8529 | Lair:1   | Entered Level 1 of the Lair of Beasts
  8548 | Lair:1   | Reached skill level 10 in Unarmed Combat
  8804 | Lair:1   | Noticed a cane toad
  8807 | Lair:1   | Noticed a cane toad
  8816 | Lair:1   | Killed a cane toad
  8817 | Lair:1   | Reached XP level 11. HP: 55/101 MP: 14/14
  8876 | Lair:1   | Noticed an oklob plant
  8881 | Lair:1   | Noticed an oklob plant
  8887 | Lair:1   | Killed an oklob plant
  8887 | Lair:1   | Killed an oklob plant
  8888 | Lair:1   | Reached skill level 7 in Throwing
  9260 | Lair:1   | Reached skill level 9 in Fighting
  9832 | Lair:2   | Reached skill level 11 in Unarmed Combat
  9867 | Lair:2   | Reached skill level 8 in Throwing
  9980 | Lair:2   | Noticed a six-headed hydra
  9987 | Lair:2   | Killed an eight-headed hydra
  9990 | Lair:2   | Found a staircase to the Swamp.
 11155 | Lair:3   | Noticed an oklob plant
 11167 | Lair:3   | Killed an oklob plant
 11168 | Lair:3   | Reached XP level 12. HP: 72/113 MP: 15/15
 11226 | Lair:3   | Reached skill level 10 in Fighting
 11226 | Lair:3   | Reached skill level 9 in Throwing
 11243 | Lair:3   | Noticed a five-headed hydra
 11476 | Lair:3   | Killed an eight-headed hydra
 11602 | Lair:3   | Reached skill level 12 in Unarmed Combat
 11754 | Lair:3   | Found a hole to the Spider Nest.
 12098 | Lair:4   | Noticed a death yak
 12102 | Lair:4   | Noticed a death yak
 12106 | Lair:4   | Killed a death yak
 12110 | Lair:4   | Killed a death yak
 12595 | Lair:5   | Found a staircase to the Slime Pits.
 12595 | Lair:5   | Found a viscous altar of Jiyva.
 12710 | Lair:5   | Identified the +6 scale mail of Wuukeg {rN+}
 12796 | Lair:5   | Reached skill level 10 in Throwing
 13407 | Lair:5   | Reached skill level 11 in Fighting
 13432 | Lair:5   | Reached XP level 13. HP: 111/123 MP: 16/16
 13709 | Lair:6   | Entered Level 6 of the Lair of Beasts
 13891 | Lair:6   | Reached skill level 13 in Unarmed Combat
 14277 | Lair:6   | Reached skill level 11 in Throwing
 14935 | Lair:6   | Reached skill level 12 in Fighting
 15417 | D:10     | Reached skill level 14 in Unarmed Combat
 16004 | D:7      | Killed jimbutter's ghost
 16005 | D:7      | Reached skill level 1 in Shields
 16255 | D:8      | Reached XP level 14. HP: 104/104 MP: 8/17
 16286 | D:8      | Killed ColdPorridge's ghost
 16287 | D:8      | Reached skill level 2 in Shields
 16617 | D:10     | Found a staircase to the Orcish Mines.
 16731 | D:10     | Reached skill level 3 in Shields
 17052 | D:10     | Found a broken altar of Ashenzari.
 17089 | D:11     | Found Suadd's Weapon Boutique.
 17129 | Orc:1    | Entered Level 1 of the Orcish Mines
 17365 | Orc:2    | Entered Level 2 of the Orcish Mines
 17413 | Orc:2    | Reached skill level 4 in Shields
 17460 | Orc:2    | Noticed an orc warlord
 17462 | Orc:2    | Reached skill level 5 in Shields
 17542 | Orc:2    | Killed an orc warlord
 17661 | Orc:2    | Found Qaczeeral's Jewellery Shoppe.
 17665 | Orc:2    | Reached skill level 6 in Shields
 17667 | Orc:2    | Found Udaingunge's Antique Weapon Shoppe.
 17727 | Orc:2    | Found Nitija's General Store.
 17803 | Orc:2    | Found a staircase to the Elven Halls.
 17982 | Orc:2    | Found Cocac's Antique Armour Shoppe.
 17988 | Orc:2    | Bought a tower shield for 126 gold pieces
 18057 | Orc:2    | Bought the necklace of Bloodlust {*Rage +Rage Will++ Int-3
                  | Slay+6} for 604 gold pieces
 18057 | Orc:2    | Found the necklace of Bloodlust {*Rage +Rage Will++ Int-3
                  | Slay+6}
 18667 | Orc:1    | Gained mutation: You are somewhat unskilled. (-1 Apt) [Ru
                  | sacrifice]
 18667 | Orc:1    | Reduced skill Fighting to level 11
 18667 | Orc:1    | Reduced skill Throwing to level 10
 18667 | Orc:1    | Reduced skill Unarmed Combat to level 13
 18667 | Orc:1    | Reached ****** piety under Ru
 19534 | D:12     | Reached skill level 7 in Shields
 19666 | D:12     | Noticed Urug
 19675 | D:12     | Killed Urug
 19710 | D:12     | Identified the +1 robe "Gempuwoz" {Str+5}
 19924 | D:12     | Found Xerghuqux's Antique Armour Shoppe.
 20004 | D:12     | Noticed Erolcha
 20009 | D:12     | Killed Erolcha
 20010 | D:12     | Reached skill level 8 in Shields
 20117 | D:12     | Noticed Psyche
 20124 | D:12     | Killed Psyche
 20668 | D:13     | Reached skill level 9 in Shields
 20668 | D:13     | Reached XP level 15. HP: 86/127 MP: 18/18
 21521 | D:14     | Reached skill level 11 in Throwing
 21922 | D:14     | Noticed Azrael
 21927 | D:14     | Killed Azrael
 22104 | D:14     | Found a gate to the Vaults.
 22485 | D:15     | Entered Level 15 of the Dungeon
 23046 | D:15     | Noticed Jorgrun
 23063 | D:15     | Killed Jorgrun
 23284 | D:15     | Found a staircase to the Depths.
 23774 | Spider:1 | Entered Level 1 of the Spider Nest
 24059 | Spider:1 | HP: 11/140 [wolf spider (11)]
 24064 | Spider:1 | HP: 9/140 [poisoned by a wolf spider]
 24238 | Spider:1 | Acquired 563 gold pieces
 24433 | Spider:1 | Noticed Agnes
 24441 | Spider:1 | Killed Agnes
 24442 | Spider:1 | Reached skill level 12 in Fighting
 24447 | Spider:1 | Noticed a ghost moth
 24457 | Spider:1 | HP: 12/129 [ghost moth (7)]
 24460 | Spider:1 | Killed a ghost moth
 24629 | Spider:1 | Reached skill level 14 in Unarmed Combat
 24989 | Spider:2 | Reached skill level 12 in Throwing
 25096 | Spider:2 | Reached XP level 16. HP: 88/115 MP: 10/19
 26132 | Spider:2 | HP: 11/112 [redback (3)]
 26132 | Spider:2 | Slain by a redback

Vanquished Creatures
  Agnes (Spider:1)
  A ghost moth (Spider:1)
  An orc warlord (Orc:2)
  An emperor scorpion (D:15)
  Azrael (D:14)
  A spark wasp (Spider:2)
  A dire elephant (D:15)
  2 entropy weavers
  An ettin (Orc:2)
  A vault guard (D:14)
  2 boulder beetles
  Erolcha (D:12)
  4 hydras
  2 catoblepae (Lair:6)
  2 two-headed ogres
  5 centaur warriors
  A tengu warrior (D:15)
  8 death yaks
  Urug (D:12)
  An orc high priest (Orc:2)
  5 skeletal warriors (D:13)
  The ghost of ColdPorridge the Covert, a novice NaWn of Okawaru (D:8)
  Pikel (D:4)
  The ghost of jimbutter the Cleaver, a novice MiFi of Okawaru (D:7)
  2 wizards (D:14)
  2 lindwurms (Lair:6)
  3 orc knights (Orc:2)
  2 deep elf pyromancers
  2 orc sorcerers (Orc:2)
  A necromancer (D:14)
  2 ugly things
  16 orb spiders
  A salamander (D:15)
  3 oklob plants
  9 wolf spiders
  3 cyclopes (D:14)
  A manticore (D:15)
  10 elephants
  2 torpor snails
  5 black mambas
  15 cane toads
  A gargoyle (D:11)
  2 yaktaurs
  4 rime drakes
  2 kobold demonologists (D:12)
  An efreet (D:8)
  12 demonic crawlers
  2 unseen horrors (D:12)
  Psyche (D:12)
  9 komodo dragons
  24 jumping spiders
  6 trolls
  3 meliai (D:14)
  A queen bee (shapeshifter) (D:14)
  3 hornets
  24 blink frogs
  5 slime creatures
  A slime creature (shapeshifter) (D:14)
  2 dream sheep (Lair:6)
  8 tarantellas
  46 redbacks
  A vampire (D:13)
  7 wyverns
  A wraith (D:14)
  8 basilisks
  21 humans (D:14)
  36 yaks
  4 water elementals (D:15)
  3 steam dragons
  2 fire elementals (D:14)
  4 vampire mosquitoes (D:13)
  2 wargs
  20 water moccasins
  3 hell hounds (D:14)
  A hornet zombie (D:7)
  2 ice beasts
  24 orc warriors
  5 sky beasts
  A necrophage (D:11)
  10 ogres
  15 wolves
  8 centaurs
  7 kobold brigands
  A gnoll sergeant (D:6)
  13 bullfrogs
  A scorpion (D:4)
  A wyvern skeleton (D:6)
  6 killer bees (D:9)
  5 wights
  5 howler monkeys
  8 electric eels
  A bullfrog zombie (D:5)
  8 centaur zombies
  2 hounds
  3 bullfrog skeletons
  20 orc priests
  A centaur skeleton (D:6)
  A gnoll shaman (D:7)
  6 iguanas
  27 orc wizards
  Ijyb (D:5)
  A hound zombie (D:5)
  3 mummies (D:11)
  A howler monkey zombie (D:9)
  2 howler monkey skeletons
  6 adders
  10 gnolls
  A shadow imp (D:8)
  A white imp (D:6)
  An ufetubus (D:6)
  An adder skeleton (D:4)
  2 worms
  6 dart slugs
  57 orcs
  4 ball pythons
  7 endoplasms
  4 giant cockroaches
  6 goblins
  6 hobgoblins
  4 jackals
  24 kobolds
  2 quokkas (D:1)
  11 bats
  A frilled lizard (D:2)
  3 rats
  A bush (D:9)
742 creatures vanquished.

Vanquished Creatures (others)
  Jorgrun (D:15)
  2 boulder beetles
  A death knight (D:14)
  An orb spider (Spider:2)
  A wizard (D:14)
  A jumping spider (Spider:2)
  A slime creature (D:12)
  2 redbacks
  3 yaks (Lair:2)
  A water moccasin (Lair:5)
  A wolf (Lair:3)
  A kobold brigand (D:8)
  2 bullfrogs
  A killer bee (D:9)
  An orc wizard (D:8)
  An orc (D:4)
  5 kobolds (D:8)
  2 bushes
  51 fungi
  98 plants
  2 withered plants (D:11)
179 creatures vanquished.

Grand Total: 921 creatures vanquished

Table legend: (Time is in decaauts)
 A = Elapsed time spent in this place.
 B = Non-inter-level travel time spent in this place.
 C = Inter-level travel time spent in this place.
 D = Time resting spent in this place.
 E = Time spent auto-exploring this place.
 F = Levels seen in this place.
 G = Mean time per level.
                   A        B        C        D        E       F      G
               +--------+--------+--------+--------+--------+-----+--------+
         Total |  26021 |  24032 |   1989 |    848 |  18744 |  26 | 1000.8 |
       Dungeon |  15081 |  13676 |   1405 |    179 |  10866 |  15 | 1005.4 |
          Lair |   6928 |   6522 |    406 |    221 |   5426 |   6 | 1154.7 |
   Spider Nest |   2306 |   2240 |     66 |    429 |   1249 |   3 |  768.7 |
  Orcish Mines |   1705 |   1595 |    110 |     19 |   1203 |   2 |  852.5 |
               +--------+--------+--------+--------+--------+-----+--------+

Top non-repeatable levels by time:
    D:14: 1551 daAuts
     D:7: 1547 daAuts
  Lair:6: 1524 daAuts
     D:6: 1504 daAuts
Spider:1: 1461 daAuts
  Lair:1: 1322 daAuts
  Lair:2: 1245 daAuts
     D:9: 1237 daAuts
  Lair:3: 1199 daAuts
  Lair:5: 1131 daAuts
     D:8: 1038 daAuts
   Orc:2: 988 daAuts
     D:2: 971 daAuts
     D:3: 955 daAuts
    D:15: 944 daAuts

Table legend:
 A = Non-vault XP
 B = Vault XP
 C = Vault XP percentage of total XP
 D = Non-vault monster count
 E = Vault monster count
 F = Vault count percentage of total count
                 A         B        C        D         E       F
            +---------+---------+-------+---------+---------+-------
      Total |  120638 |   52651 |  30.4 |     592 |     166 |  21.9
            +---------+---------+-------+---------+---------+-------
        D:1 |      62 |       2 |   3.1 |      25 |       1 |   3.8
        D:2 |      57 |      14 |  19.7 |      23 |       1 |   4.2
        D:3 |      20 |      15 |  42.9 |      10 |       2 |  16.7
        D:4 |     351 |     685 |  66.1 |      17 |       1 |   5.6
        D:5 |     559 |      46 |   7.6 |      20 |       2 |   9.1
        D:6 |    1140 |       0 |   0.0 |      37 |       0 |   0.0
        D:7 |    1772 |     664 |  27.3 |      22 |       1 |   4.3
        D:8 |     722 |    1888 |  72.3 |      23 |      13 |  36.1
        D:9 |    1371 |    2474 |  64.3 |      18 |      17 |  48.6
       D:10 |    4507 |       0 |   0.0 |      21 |       0 |   0.0
       D:11 |    2322 |    1619 |  41.1 |       7 |       8 |  53.3
       D:12 |    7050 |    2170 |  23.5 |      29 |       3 |   9.4
       D:13 |    9764 |       0 |   0.0 |      22 |       0 |   0.0
       D:14 |    6018 |    8739 |  59.2 |      14 |      31 |  68.9
       D:15 |    3616 |    6951 |  65.8 |      10 |       5 |  33.3
     Lair:1 |    4065 |    1900 |  31.9 |      21 |       4 |  16.0
     Lair:2 |    3964 |    1010 |  20.3 |      16 |       5 |  23.8
     Lair:3 |    7204 |    1296 |  15.2 |      26 |       4 |  13.3
     Lair:4 |    2836 |       0 |   0.0 |       8 |       0 |   0.0
     Lair:5 |    6305 |       0 |   0.0 |      24 |       0 |   0.0
     Lair:6 |   12840 |   11322 |  46.9 |      41 |      22 |  34.9
   Spider:1 |   16727 |    2635 |  13.6 |      42 |       2 |   4.5
   Spider:2 |   21858 |    1541 |   6.6 |      65 |       8 |  11.0
   Spider:3 |    1460 |       0 |   0.0 |       5 |       0 |   0.0
      Orc:1 |    1172 |     313 |  21.1 |      16 |       3 |  15.8
      Orc:2 |    2876 |    7367 |  71.9 |      30 |      33 |  52.4
            +---------+---------+-------+---------+---------+-------
